Map: King's Cove LE

Players

TSGSolar (Solar) - Winner!

  • Race: Zerg Zerg
  • League: Diamond
  • Spawn Location: 5:00

llllllllllll (Stats)

  • Race: Protoss Protoss
  • League: Master
  • Spawn Location: 11:00

Event: 2019 Assembly Summer

VOD

Have the link to the VOD?

Description

Time

  • Played on: Aug. 3, 2019, 2 p.m.
  • Length: 4:17

All games in this series

Show
View Real Time Build Order
Export as new Build Order

TSGSolar Zerg - Winner!

Build Orders: Hatch First, Ravager All-In 

Get SALT Encoding   

  12  0:01  Drone  
  13  0:13  Overlord  
  13  0:18  Drone  
  14  0:31  Drone x2  
  16  0:50  Hatchery  
  16  0:52  Drone  
  16  0:56  Drone  
  17  1:00  Drone  
  18  1:10  Extractor  
  17  1:16  Spawning Pool  
  16  1:19  Drone  
  16  1:22  Drone  
  18  1:29  Drone  
  19  1:55  Overlord  
  20  2:03  Roach Warren, Queen, Zergling x2  
  22  2:08  Extractor  
  22  2:09  Zergling x2  
  22  2:15  Spine Crawler  
  21  2:16  Drone  
  21  2:22  Overlord  
  22  2:52  Roach x2  
  22  2:55  Roach  
  28  3:03  Queen  
  28  3:04  Overlord  
  30  3:11  Roach  
  31  3:13  Ravager x2  
  31  3:15  Roach x2  
  37  3:21  Overlord  
  37  3:25  Ravager  
  38  3:28  Overlord  
  38  3:39  Ravager  
  37  3:41  Roach  
  39  3:53  Overlord  
  39  4:01  Ravager  
Show
View Real Time Build Order
Export as new Build Order

llllllllllll Protoss 

Build Orders:  

Get SALT Encoding   

  12  0:00  Probe  
  13  0:12  Probe  
  14  0:19  Pylon  
  14  0:24  Probe  
  15  0:33  Probe  
  15  0:39  Gateway  
  15  0:41  Probe  
  16  0:47  Assimilator  
  17  0:51  Probe  
  18  1:04  Probe  
  19  1:15  Forge  
  19  1:16  Probe  
  20  1:26  Cybernetics Core  
  20  1:41  Pylon  
  20  1:43  Pylon  
  20  1:45  Pylon  
  20  1:47  Pylon  
  20  1:59  Photon Cannon  
  20  2:05  Robotics Facility  
  21  2:17  Photon Cannon  
  21  2:22  Shield Battery  
  20  2:27  Photon Cannon  
  20  2:31  Shield Battery  
  20  2:35  Shield Battery  
  20  2:46  Pylon  
  20  2:47  Immortal  
  23  3:16  Warp Prism  
Tags
 
Add a new tag
Caveats
  • Supply blocks, unpowered buildings, or Contaminate may cause inaccurate times.
  • Supply counts are checked every 10 seconds.